 Dungeon Crawl Stone Soup version 0.32-a0-630-g46d191b0ed (webtiles) character file.

Game seed: 14890778778131146409

119 seren the Cudgeller (level 4, -1/34 HPs)
             Began as a Demonspawn Gladiator on Mar 6, 2024.
             Slain by an ufetubus (4 damage)
             ... on level 3 of the Dungeon.
             The game lasted 00:02:36 (1589 turns).

seren the Cudgeller (Demonspawn Gladiator)          Turns: 1589, Time: 00:02:37

Health: -1/34      AC:  7    Str: 17    XL:     4   Next: 74%
Magic:  4/4        EV: 10    Int:  8    God:
Gold:   115        SH:  0    Dex: 14    Spells: 3/3 levels left

rFire   . . .        a - +0 flail
rCold   . . .        (no shield)
rNeg    . . .        j - +0 scale mail
rPois   .            c - +0 helmet
rElec   .            (no cloak)
rCorr   .            (no gloves)
SInv    .            (no boots)
Will    .....        (no amulet) Stlth
                     (no ring)
HPRegen 0.25/turn    (no ring)
MPRegen 0.09/turn

%: no passive effects
@: no status effects
A: foul stench 1, powered by death 1
a: no special abilities


You were on level 3 of the Dungeon.
You visited 1 branch of the dungeon, and saw 3 of its levels.

You collected 115 gold pieces.

Inventory:

Hand Weapons
 a - a +0 flail (weapon)
Missiles
 d - 3 throwing nets (quivered) {!f}
 e - a javelin
 g - 4 atropa-tipped darts
Armour
 b - a +0 leather armour
 c - a +0 helmet (worn)
 j - a +0 scale mail (worn)
Jewellery
 f - a ring of positive energy
Scrolls
 h - a scroll of fog {unknown}
 k - a scroll of teleportation {unknown}


   Skills:
 + Level 2.6 Fighting
 * Level 3.6 Maces & Flails
 + Level 2.4 Throwing
 + Level 1.3 Armour
 + Level 3.1 Dodging


You had 3 spell levels left.
You didn't know any spells.
Your spell library contained the following spells:

 Spells                   Type           Power      Damage    Failure   Level
 Scorch                   Fire           0%         2d5       92%         2
 Flame Wave               Conj/Fire      0%         2d4       100%        4
 Summon Cactus Giant      Summ           0%         N/A       100%        6


Dungeon Overview and Level Annotations

Branches:
Dungeon (3/15)

Altars:
Ashenzari


Innate Abilities, Weirdness & Mutations

You may rarely emit foul miasma when damaged in melee.
You regenerate a little health from kills.


Message History

* * * LOW HITPOINT WARNING * * *
The ufetubus closely misses you.
You see here a hobgoblin corpse.
It was a potion of curing.
You feel better. The ufetubus closely misses you.
The ufetubus hits you but does no damage.
The endoplasm hits you but does no damage.
The goblin hits you but does no damage.
You hit the ufetubus but do no damage.
The ufetubus is almost dead.
The ufetubus hits you.
* * * LOW HITPOINT WARNING * * *
The ufetubus barely misses you. The endoplasm freezes you.
You are frozen.
* * * LOW HITPOINT WARNING * * *
The goblin barely misses you. The ufetubus barely misses you.
The ufetubus closely misses you. The endoplasm freezes you.
You are frozen.
* * * LOW HITPOINT WARNING * * *
The endoplasm attacks as it pursues you!
The endoplasm hits you but does no damage.
The goblin attacks as it pursues you! The goblin hits you with a +0 dagger.
* * * LOW HITPOINT WARNING * * *
The endoplasm attacks as it pursues you!
The endoplasm misses you. The ufetubus attacks as it pursues you!
The ufetubus hits you.
* * * LOW HITPOINT WARNING * * *
The ufetubus hits you but does no damage.
The endoplasm attacks as it pursues you!
The endoplasm hits you but does no damage.
The goblin attacks as it pursues you! The goblin hits you with a +0 dagger.
* * * LOW HITPOINT WARNING * * *
The ufetubus hits you but does no damage.
The ufetubus closely misses you. The endoplasm freezes you.
You are frozen.
* * * LOW HITPOINT WARNING * * *
The ufetubus slips past you! The ufetubus hits you.
You die...

#.#..>.........
#.##.#.#.#.#.#.#
#.##............ #.
#..#+#.#.#.# #.
#..........#
#####.######.#....†...#
.............#r.J.....#
.............#.J....#.....
...........#5@..g...#.....
...........##.......#......
..........[#........+.##...
###........#..#+#...# ...
#........#... ......
#........##+# .##....
#.......## .... #.....[##
... ###<..##


You could see an ufetubus, 2 endoplasms, a goblin and a rat.

Vanquished Creatures
  Natasha (thrice) (D:2)
  A dart slug (D:1)
  A ribbon worm (D:2)
  4 endoplasms
  A giant cockroach (D:1)
  5 goblins
  2 hobgoblins
  3 quokkas
  4 ball pythons
  6 bats
  3 frilled lizards
  4 kobolds
  6 rats
43 creatures vanquished.

Notes
Turn   | Place    | Note
-------+----------+-------------------------------------------
     0 | D:1      | seren the Demonspawn Gladiator began the quest for the Orb.
     0 | D:1      | Reached XP level 1. HP: 16/16 MP: 1/1
   197 | D:1      | Gained mutation: You may rarely emit foul miasma when
                  | damaged in melee. [demonic ancestry]
   197 | D:1      | Reached XP level 2. HP: 14/22 MP: 2/2
   937 | D:2      | Noticed Natasha
   947 | D:2      | Killed Natasha
   948 | D:2      | Gained mutation: You regenerate a little health from kills.
                  | [demonic ancestry]
   948 | D:2      | Reached XP level 3. HP: 9/28 MP: 3/3
  1044 | D:2      | Noticed Natasha
  1055 | D:2      | Killed Natasha
  1056 | D:2      | Reached skill level 1 in Armour
  1056 | D:2      | Reached XP level 4. HP: 15/34 MP: 4/4
  1335 | D:2      | Noticed Natasha
  1340 | D:2      | Killed Natasha
  1453 | D:2      | Found a broken altar of Ashenzari.
  1589 | D:3      | Slain by an ufetubus

Illustrated notes

Levels and vault maps discovered:
D:1:      dpeg_arrival_windows_large_door, layout_basic
D:2:      layout_basic, basic_altar, serial_bayou_pond_d, uniq_natasha
D:3:      gammafunk_wand_slinger, layout_basic, dk_noncrumbling_4, hex_tiny,
          st_stairs_10, corner_web_ring, minmay_fountain_box, minmay_pentangle

Skill      XL: |  1  2  3 |
---------------+----------+-----
Throwing       | 2 |  2.4
Maces & Flails | 3 |  3.6
Armour         | 1 |  1.3
Dodging        | 3 |  3.1
Fighting       | |  2.6

Action                     |  1- 3 |  4- 6 || total
---------------------------+-------+-------++-------
  Melee: Flail             |    72 |    54 ||   126
    Use: Potion            |       |     1 ||     1
 Armour: Leather armour    |    65 |    29 ||    94
         Scale mail        |       |    52 ||    52
  Dodge: Dodged            |    69 |    56 ||   125

Table legend: (Time is in decaauts)
 A = Elapsed time spent in this place.
 B = Non-inter-level travel time spent in this place.
 C = Inter-level travel time spent in this place.
 D = Time resting spent in this place.
 E = Time spent auto-exploring this place.
 F = Levels seen in this place.
 G = Mean time per level.
                   A        B        C        D        E       F      G
               +--------+--------+--------+--------+--------+-----+--------+
         Total |   1641 |   1599 |     42 |    110 |   1131 |   3 |  547.0 |
       Dungeon |   1641 |   1599 |     42 |    110 |   1131 |   3 |  547.0 |
               +--------+--------+--------+--------+--------+-----+--------+

Top non-repeatable levels by time:
     D:1: 859 daAuts
     D:2: 733 daAuts
     D:3: 48 daAuts
